 Dungeon Crawl Stone Soup version 0.17-a0-1942-g46ae386 (webtiles) character file.

527 Helmschank the Slicer (level 7, -11/41 HPs)
             Began as a Vine Stalker Assassin on Sept 30, 2015.
             Mangled by Menkaure (14 damage)
             ... on level 4 of the Dungeon.
             The game lasted 00:24:09 (3443 turns).

Helmschank the Slicer (Vine Stalker Assassin)       Turns: 3443, Time: 00:24:09

Health: -11/41     AC: 10    Str: 16    XL:     7   Next: 23%
Magic:  0/8        EV: 11    Int: 11    God:
Gold:   206        SH:  0    Dex: 15    Spells: 0 memorised, 6 levels left

rFire  + . .     SeeInvis .     w - +2 short sword (speed)
rCold  + . .     Clarity  .     r - +0 robe {rC+ rF+}
rNeg   . . .     SustAt   .     (no shield)
rPois  .         Gourm    .     G - +2 helmet
rElec  .         Spirit   +     d - +0 cloak
rCorr  .         Warding  .     u - +2 pair of gloves
rMut   .         Stasis   .     (no boots)
MR     .....                    (no amulet)
Stlth  +++.......               (no ring)
                                (no ring)

@: not resistant to hostile enchantments, fairly stealthy
A: fangs 2, regeneration 2, magic shield, antimagic bite, no device heal 3, rot
immunity
a: no special abilities


You were on level 4 of the Dungeon.
You were not hungry.

You visited 1 branch of the dungeon, and saw 4 of its levels.

You collected 206 gold pieces.

Inventory:

Hand weapons
 e - a +0 blowgun
 q - a +1 hunting sling of freezing
 s - a +0 dagger of flaming
 t - a +3 dagger
 w - a +2 short sword of speed (weapon)
Missiles
 b - 12 poisoned needles
 f - 2 curare-tipped needles
 p - 4 needles of slowing
 y - 73 stones (quivered)
Armour
 d - a +0 cloak (worn)
 i - a +0 chain mail
 m - a +2 chain mail of cold resistance
 r - a +0 robe of resistance (worn)
 u - a +2 pair of gloves (worn)
 G - a +2 helmet (worn)
Magical devices
 h - a wand of magic darts (19)
Scrolls
 o - a scroll of fear {unknown}
 z - a scroll of teleportation
 B - 3 scrolls of immolation
Potions
 a - a potion of brilliance
 l - 3 potions of curing
 n - a potion of lignification {unknown}
 v - a potion of poison {unknown}
 x - a potion of magic
Comestibles
 g - 3 bread rations
 j - 6 meat rations
 k - a beef jerky
 A - a slice of pizza
 E - 4 fruits


   Skills:
 - Level 6.5 Fighting
 + Level 8.5 Short Blades
 - Level 1.7 Throwing
 - Level 5.7 Armour
 - Level 0.7 Dodging
 - Level 4.8 Stealth


You had 6 spell levels left.
You didn't know any spells.

Dungeon Overview and Level Annotations

Branches:
Dungeon (4/15)
 Temple: D:4-7

Altars:

Annotations:
D:4 Menkaure


Innate Abilities, Weirdness & Mutations

You have extremely sharp teeth.
You heal very quickly.
When hurt, damage is shared between your health and your magic reserves.
Your bite disrupts and absorbs the magic of your enemies.
Potions and wands cannot restore your health.
You are immune to rotting.


Message History

Menkaure hits you!
You hit Menkaure. Your bite misses Menkaure.
Menkaure is severely damaged.
You hit Menkaure but do no damage. Your bite misses Menkaure.
Menkaure is severely damaged.
Menkaure hits you!!
* * * LOW MAGIC WARNING * * *;
* * * LOW HITPOINT WARNING * * *
You hit Menkaure but do no damage. You bite Menkaure, but do no damage.
Menkaure is severely damaged.
You hit Menkaure. Your bite misses Menkaure.
Menkaure is severely damaged.
Menkaure closely misses you.
You hit Menkaure. Your bite misses Menkaure.
Menkaure is almost destroyed.
You hit Menkaure.
Menkaure is almost destroyed.
Menkaure forgets how to to speak, silenced by the ages.
Menkaure hits you!
* * * LOW MAGIC WARNING * * *
You die...

. #.##..>..# .. .
#.####.### .. #
##.#####.####.# #. .#
.#.........<.# #. #.###
####..####.######
#.##.... .....# #.#
......# #..####.#
.....# #...[...#
...#############@######
#.....M.........M#
#.################ ..
##


You could see Menkaure.

Vanquished Creatures
  Duvessa (D:4)
  Dowan (D:4)
  An orc priest (D:4)
  An orc wizard (D:4)
  3 worker ants
  Robin (D:3)
  5 adders
  2 worms
  2 orcs
  8 bats
  2 giant cockroaches
  15 goblins
  7 hobgoblins
  7 jackals (D:1)
  2 ball pythons
  2 giant newts (D:1)
  3 kobolds
  A quokka (D:3)
  11 rats
75 creatures vanquished.

Notes
Turn   | Place    | Note
--------------------------------------------------------------
     0 | D:1      | Helmschank the Vine Stalker Assassin began the quest for the Orb.
     0 | D:1      | Reached XP level 1. HP: 11/11 MP: 2/2
   136 | D:1      | Reached XP level 2. HP: 10/15 MP: 3/3
   636 | D:1      | Reached XP level 3. HP: 18/18 MP: 4/4
  2146 | D:3      | Reached XP level 4. HP: 23/23 MP: 5/5
  2361 | D:3      | Noticed Robin
  2498 | D:3      | Killed Robin
  2669 | D:3      | Reached XP level 5. HP: 26/26 MP: 6/6
  2910 | D:4      | Reached skill level 6 in Fighting
  2910 | D:4      | Reached skill level 8 in Short Blades
  2910 | D:4      | Reached skill level 5 in Armour
  2910 | D:4      | Gained mutation: You heal very quickly. [Vine Stalker growth]
  2910 | D:4      | Reached XP level 6. HP: 30/37 MP: 7/7
  3205 | D:4      | Noticed Duvessa
  3206 | D:4      | Noticed Dowan
  3224 | D:4      | Killed Duvessa
  3224 | D:4      | Reached XP level 7. HP: 23/41 MP: 5/8
  3271 | D:4      | Killed Dowan
  3403 | D:4      | Noticed Menkaure
  3439 | D:4      | HP: 2/41 [Menkaure (14)]
  3443 | D:4      | Mangled by Menkaure

Vault maps used:
D:1:      matt_arrival_diagonals
D:3:      st_stairs_7, grunt_decor_arrowhead, uniq_robin
D:4:      serial_shops, kennysheep_little_box, uniq_menkaure, uniq_duvessa

Action                   |  1- 3 |  4- 6 |  7- 9 || total
-------------------------+-------+-------+-------++-------
Melee: Dagger            |   114 |    92 |    16 ||   222
       Short sword       |       |       |    14 ||    14
 Fire: Blowgun           |     4 |    13 |     2 ||    19
Throw: Stone             |     1 |    25 |       ||    26
  Use: Scroll            |       |    10 |       ||    10
       Potion            |       |     1 |       ||     1
 Stab: Sleeping          |    14 |     1 |       ||    15
  Eat: Chunk             |     3 |     4 |     1 ||     8
